 Dungeon Crawl Stone Soup version 0.25.0-11-g1f837a76a1 (webtiles) character file.

Game seed: 15811182415352768516

252 Kold the Insei (level 6, -2/38 HPs)
             Began as an Octopode Transmuter on June 24, 2020.
             Killed by nerve-wracking pain
             ... invoked by an orc priest
              (4 damage)
             ... on level 4 of the Dungeon.
             The game lasted 00:06:41 (3835 turns).

Kold the Insei (Octopode Transmuter)                Turns: 3835, Time: 00:06:41

Health: -2/38      AC:  1    Str:  9    XL:     6   Next: 14%
Magic:  8/9        EV: 13    Int: 18    God:
Gold:   210        SH:  0    Dex: 12    Spells: 5/9 levels left

rFire    + . .     SeeInvis .     - Unarmed
rCold    . . .     Gourm    .   (no shield)
rNeg     . . .     Faith    .   (helmet restricted)
rPois    .         Spirit   .   (no amulet)
rElec    .         Reflect  .   d - ring of protection from fire
rCorr    .         Harm     .   (no ring)
MR       .....                  (no ring)
Stlth    +++.......             (no ring)
HPRegen  0.12/turn              (no ring)
MPRegen  0.11/turn              (no ring)
                                (no ring)
                                (no ring)

@: appendage
A: almost no armour, stealthy swim, amphibious, 8 rings, constrict 8, tentacle
spike 3, camouflage 1, gelatinous body 1
a: End Transformation


You were on level 4 of the Dungeon.
You were hungry.
One of your tentacles had a temporary spike.
You visited 1 branch of the dungeon, and saw 4 of its levels.

You collected 210 gold pieces.

Inventory:

Missiles
 a - 12 arrows
Jewellery
 d - a ring of protection from fire (left tentacle)
Scrolls
 e - 3 scrolls of identify
 f - 2 scrolls of fear {unknown}
 g - a scroll of teleportation
 h - a scroll of noise
Potions
 b - 2 potions of curing {unknown}
 i - a potion of brilliance {unknown}
 j - a potion of heal wounds {unknown}
 l - 2 potions of lignification {unknown}
 n - a potion of invisibility {unknown}
 p - a potion of ambrosia {unknown}
 q - a potion of cancellation {unknown}
Comestibles
 c - 10 rations


   Skills:
 - Level 1.0 Fighting
 - Level 2.0 Dodging
 - Level 2.0 Stealth
 + Level 4.6 Unarmed Combat
 - Level 2.0 Spellcasting
 + Level 4.0 Transmutations
 + Level 2.9 Poison Magic


You had 5 spell levels left.
You knew the following spells:

 Your Spells              Type           Power        Failure   Level  Hunger
a - Beastly Appendage     Tmut           ###...       3%          1    #......
b - Spider Form           Tmut/Pois      ##........   13%         3    ###....

Your spell library contained the following spells:

 Spells                   Type           Power        Failure   Level  Hunger
 Sticks to Snakes         Tmut           ###.....     5%          2    ###....
 Ice Form                 Ice/Tmut       #.......     61%         4    #####..
 Blade Hands              Tmut           ###.......   67%         5    ######.


Dungeon Overview and Level Annotations

Branches:
Dungeon (4/15)
 Temple: D:4-7

Altars:
Fedhas
Nemelex Xobeh
Trog
Vehumet

Shops:
D:4 (


Innate Abilities, Weirdness & Mutations

You cannot wear most types of armour.
You are very stealthy in the water. (Stealth+)
You are amphibious.
You can wear up to eight rings at the same time.
You can use your tentacles to constrict eight enemies at once.
Your skin changes colour to match your surroundings (Stealth+).
Your rubbery body absorbs attacks. (AC +1, EV +1)
One of your tentacles bears a large vicious spike.


Message History

Your tentacle spike misses the orc priest.
You squeeze the orc priest, but do no damage.
The hound bites you.
* * * LOW HITPOINT WARNING * * *
The orc hits you with a +0 mace.
* * * LOW HITPOINT WARNING * * *
You tentacle-slap the orc priest but do no damage.
You grab the orc priest.
You constrict the orc priest, but do no damage.
Something barely misses you. The orc wizard closely misses you.
The orc priest closely misses you. The hound barely misses you.
You tentacle-slap the orc priest but do no damage.
You tentacle-slap the orc priest.
You squeeze the orc priest, but do no damage.
The orc priest is lightly wounded.
You constrict the orc priest, but do no damage.
The hound misses you. Something hits you but does no damage.
The orc priest calls down the wrath of Beogh upon you.
Pain shoots through your body!
You die...

*,,,,,,,,,,,*,,,*,,,,,*,,,,
*,,,,.......#,,.#,,,,,*,,,,
*,,,,,......#,..*..,,,*,,,,
*,,,,,,.....##'##..,,,*****
****+**#...........,,,,,,,,
*,,,,,+...........,,,,,,,,
*,,,,,#...o.......,,,,,,,,
*,,,,,#..oh.......,,,,,,,,
*,,,,##..@oo......,,,,,,,,
*****#...o)#########**,,,,
*,,,,+.....#........,*,,,,
*,,,,#.....#........,*,,,,
*,,,,#.....#........,*,,,,
*,,,,#.....#........,*,,,,
*,,,,#⌠.⌠..#........,*,,,,
*,,,##.∩...#...##...,*,,,,
*,,,#.⌠.⌠..#...#####******


You could see a hound, an orc priest, 2 orc wizards and 2 orcs.

Vanquished Creatures
  A scorpion (D:4)
  An orc priest (D:4)
  An orc wizard (D:4)
  6 adders
  An ooze (D:2)
  A worm (D:3)
  2 dart slugs
  9 orcs
  4 giant cockroaches
  4 goblins
  10 hobgoblins
  2 quokkas
  10 bats
  5 frilled lizards
  7 kobolds
  8 rats
72 creatures vanquished.

Vanquished Creatures (others)
  A hobgoblin (D:3)
1 creature vanquished.

Grand Total: 73 creatures vanquished

Notes
Turn   | Place    | Note
-------+----------+-------------------------------------------
     0 | D:1      | Kold the Octopode Transmuter began the quest for the Orb.
     0 | D:1      | Reached XP level 1. HP: 13/13 MP: 3/3
   158 | D:1      | Reached skill level 1 in Stealth
   202 | D:1      | You fall into a shaft and drop 1 floor!
   217 | D:2      | Reached XP level 2. HP: 13/18 MP: 3/5
   515 | D:2      | Found a blossoming altar of Fedhas.
   540 | D:2      | Reached XP level 3. HP: 18/23 MP: 4/6
   903 | D:1      | Found a sparkling altar of Nemelex Xobeh.
  1209 | D:1      | Learned a level 3 spell: Spider Form
  1483 | D:2      | Reached XP level 4. HP: 28/28 MP: 7/7
  2117 | D:2      | Found a faded altar of an unknown god.
  2199 | D:2      | Reached skill level 1 in Poison Magic
  2799 | D:3      | Found a bloodstained altar of Trog.
  2827 | D:3      | Reached XP level 5. HP: 31/33 MP: 8/8
  2975 | D:3      | Found a radiant altar of Vehumet.
  3811 | D:4      | Found Buryp's Antique Weapon Emporium.
  3828 | D:4      | Reached XP level 6. HP: 23/38 MP: 7/9
  3833 | D:4      | HP: 1/38 [orc/+0 mace (5)]
  3835 | D:4      | Killed from afar by an orc priest

Illustrated notes

Levels and vault maps discovered:
D:1:      eino_arrival_water_cross, layout_basic, nemelex_diamond_rough_becter
D:2:      layout_loops_ring, nicolae_overflow_hidden_temple,
          chequers_ecumenical_altar_lobes
D:3:      layout_basic, fiery_altar_vehumet, bloody_trog, first_ration,
          grunt_ministairs_12
D:4:      layout_gridville, serial_shops, shop_fountains, enter_ossuary_5

Skill      XL: |  1  2  3  4  5 |
---------------+----------------+-----
Stealth        | 1 2 |  2.0
Transmutations | 3 4 |  4.0
Poison Magic   | 1 2 |  2.9
Unarmed Combat | 4 |  4.6
Fighting       | |  1.0
Dodging        | |  2.0
Spellcasting   | |  2.0

Action                   |  1- 3 |  4- 6 || total
-------------------------+-------+-------++-------
Melee: Unarmed           |    71 |   104 ||   175
       Tentacles         |    11 |    21 ||    32
       Constrict         |    19 |    21 ||    40
       Kick              |     9 |     9 ||    18
       Punch             |     3 |     4 ||     7
 Cast: Beastly Appendage |    13 |    12 ||    25
       Spider Form       |       |     1 ||     1
  Use: Scroll            |       |     4 ||     4
 Stab: Sleeping          |     6 |     5 ||    11
  Eat: Chunk             |     1 |     8 ||     9
Armor: Skin              |    11 |    10 ||    21
Dodge: Dodged            |    43 |    73 ||   116
